 Dungeon Crawl Stone Soup version 0.28-a0-1199-gef9e1dbd39 (webtiles) character file.

Game seed: 6223571297215465204

87 avis the Skirmisher (level 4, -2/50 HPs)
             Began as an Ogre Hunter on Dec 19, 2021.
             Killed by divine providence
             ... invoked by an orc priest
              (16 damage)
             ... on level 3 of the Dungeon.
             The game lasted 00:12:00 (3130 turns).

avis the Skirmisher (Ogre Hunter)                   Turns: 3130, Time: 00:12:00

Health: -2/50      AC:  3    Str: 18    XL:     4   Next: 51%
Magic:  4/4        EV:  9    Int: 18    God:
Gold:   99         SH:  0    Dex:  9    Spells: 3/3 levels left

rFire   . . .      SeeInvis .     - Unarmed
rCold   . . .      Faith    .   (no shield)
rNeg    + . .      Spirit   .   b - +0 robe
rPois   .          Reflect  .   k - +0 hat
rElec   .          Harm     .   (no cloak)
rCorr   .          Rampage  .   (gloves unavailable)
Will    .....                   (boots unavailable)
Stlth   +.........              l - amulet of magic regeneration
HPRegen 0.16/turn               a - +6 ring of intelligence
MPRegen 0.49/turn               n - ring of positive energy

@: no status effects
A: large, unfitting armour, tough skin 1
a: no special abilities


You were on level 3 of the Dungeon.
You visited 1 branch of the dungeon, and saw 3 of its levels.

You collected 99 gold pieces.

Inventory:

Missiles
 c - 5 large rocks (quivered)
 d - 2 throwing nets
 f - 36 stones
 h - 41 sling bullets
Armour
 b - a +0 robe (worn)
 k - a +0 hat (worn)
 p - a +0 tower shield
Jewellery
 a - a +6 ring of intelligence (left hand)
 j - a ring of protection from cold
 l - an amulet of magic regeneration (around neck)
 n - a ring of positive energy (right hand)
Scrolls
 i - a scroll of immolation {unknown}
 q - a scroll of amnesia {unknown}
 r - 3 scrolls of identify {unknown}
Potions
 e - a potion of degeneration {unknown}
 g - 3 potions of curing {unknown}
 m - a potion of invisibility {unknown}
 o - a potion of might {unknown}


   Skills:
 - Level 5.0 Fighting
 - Level 4.0 Throwing
 - Level 1.7 Dodging
 - Level 0.6 Stealth
 * Level 2.2 Unarmed Combat


You had 3 spell levels left.
You didn't know any spells.
Your spell library contained the following spells:

 Spells                   Type           Power      Damage    Failure   Level
 Ensorcelled Hibernation  Hex/Ice        0%         N/A       32%         2
 Gell's Gravitas          Tloc           0%         N/A       54%         3
 Lesser Beckoning         Tloc           0%         N/A       54%         3
 Teleport Other           Tloc           0%         N/A       54%         3
 Tukima's Dance           Hex            0%         N/A       54%         3


Dungeon Overview and Level Annotations

Branches:
Dungeon (3/15)

Altars:
Sif Muna


Innate Abilities, Weirdness & Mutations

You are too large for most types of armour.
You have tough skin. (AC +1)


Message History

The slug dart hits you. The dart slug launches a dart at you.
The slug dart misses you.
The kobold throws a stone.
The stone barely misses you.
The stone hits the dart slug.
The dart slug bites you but does no damage.
You hit the dart slug but do no damage.
The dart slug is lightly wounded.
A goblin comes into view. It is wielding a +0 club.
You hit the dart slug.
The dart slug is moderately wounded.
The dart slug bites you.
The kobold throws a stone.
The stone barely misses you.
The stone hits the dart slug but does no damage.
You hit the dart slug.
The dart slug is almost dead.
The dart slug barely misses you.
You hit the dart slug.
You kill the dart slug!
The kobold throws a stone.
The stone hits you but does no damage. The orc priest barely misses you.
The orc priest hits you from afar with a +0 trident!
The kobold throws a stone.
The stone hits you but does no damage.
The orc priest invokes the aid of Beogh against you.
Beogh smites you!
You hit the goblin.
The goblin is heavily wounded.
The orc priest hits you from afar with a +0 trident.
An orc comes into view. It is wielding a +0 whip.
The goblin hits you with a +0 club.
The orc shouts!
You hit the goblin.
You kill the goblin!
You hear a shout!
The orc priest hits you from afar with a +0 trident.
* * * LOW HITPOINT WARNING * * *
The kobold closely misses you.
The orc priest invokes the aid of Beogh against you.
Beogh smites you!
You die...

#...........#.#
####....#####..#..
#§§......§§.#.....
#.≈§§§≈≈≈≈§.##.#..
#.≈.......§.##.#.#
#######§≈§≈≈≈≈≈.≈.##.#.#
......§.§.≈...≈.≈....#.#
######§§§.≈._.≈.≈§##.#+#
#...#@§§≈...≈.≈.#.....
..o...Ko§§≈≈≈.≈.≈....)..
./..#...≈..§.§§§≈.#...<.
....###.≈§≈≈≈§≈§≈.......
... #......§§.§....#..#
.. #..##........#.....
#............#.##..
#............#. ... #..
....###### ##.


You could see an orc priest, an orc and a kobold.

Vanquished Creatures
  2 adders (D:2)
  2 worms (D:2)
  5 dart slugs
  8 bats
  3 endoplasms (D:1)
  A giant cockroach (D:1)
  4 hobgoblins
  2 kobolds
  4 quokkas
  6 ball pythons
  2 frilled lizards
  5 goblins
  8 rats
52 creatures vanquished.

Notes
Turn   | Place    | Note
-------+----------+-------------------------------------------
     0 | D:1      | avis the Ogre Hunter began the quest for the Orb.
     0 | D:1      | Reached XP level 1. HP: 22/22 MP: 1/1
     5 | D:1      | Noticed an octopode
     5 | D:1      | Noticed a felid
     7 | D:1      | Noticed a vine stalker
     9 | D:1      | Noticed a spriggan
    11 | D:1      | Noticed a demonspawn
    11 | D:1      | Noticed a naga
    13 | D:1      | Noticed a troll
    15 | D:1      | Noticed a vampire
    15 | D:1      | Noticed a human
    17 | D:1      | Noticed a demigod
    19 | D:1      | Noticed a merfolk
    19 | D:1      | Noticed a tengu
    21 | D:1      | Noticed a formicid
    23 | D:1      | Noticed a ghoul
    23 | D:1      | Noticed an ogre
    25 | D:1      | Noticed a dwarf
    25 | D:1      | Noticed an elf
    27 | D:1      | Noticed a minotaur
    27 | D:1      | Noticed a gargoyle
    29 | D:1      | Noticed a draconian
    50 | D:1      | Reached skill level 3 in Fighting
   182 | D:1      | Reached skill level 1 in Unarmed Combat
   196 | D:1      | Reached XP level 2. HP: 5/31 MP: 2/2
   943 | D:1      | Reached skill level 4 in Fighting
  1029 | D:1      | Reached XP level 3. HP: 33/39 MP: 3/3
  2020 | D:2      | Found a faded altar of an unknown god.
  2093 | D:2      | Reached XP level 4. HP: 13/49 MP: 4/4
  2596 | D:2      | Reached skill level 5 in Fighting
  3105 | D:3      | Found a shimmering blue altar of Sif Muna.
  3130 | D:3      | Killed from afar by an orc priest

Illustrated notes

Levels and vault maps discovered:
D:1:      kb_arrival_jail, layout_basic, minmay_indecisive_spiral
D:2:      cheibrodos_old_hovel, layout_basic, shapermc_ecumenical_altar_petra,
          minmay_pentomino_p4
D:3:      layout_basic, mainiacjoe_overflow_catwalk,
          mainiacjoe_overflow_concentric_impassable, serial_shops, shop,
          portal_sewer_entry_b

Skill      XL: |  1  2  3  4 |
---------------+-------------+-----
Fighting       | 3 4 5 |  5.0
Unarmed Combat | 1 2 |  2.2
Throwing       | |  4.0
Dodging        | |  1.7
Stealth        | |  0.6

Action                   |  1- 3 |  4- 6 || total
-------------------------+-------+-------++-------
Melee: Unarmed           |   230 |    50 ||   280
       Punch             |     1 |     1 ||     2
Throw: Large rock        |     2 |     3 ||     5
 Stab: Sleeping          |     2 |       ||     2
Armor: Robe              |    83 |    15 ||    98
Dodge: Dodged            |   127 |    19 ||   146

Table legend: (Time is in decaauts)
 A = Elapsed time spent in this place.
 B = Non-inter-level travel time spent in this place.
 C = Inter-level travel time spent in this place.
 D = Time resting spent in this place.
 E = Time spent auto-exploring this place.
 F = Levels seen in this place.
 G = Mean time per level.
                   A        B        C        D        E       F      G
               +--------+--------+--------+--------+--------+-----+--------+
         Total |   3128 |   2982 |    146 |   1156 |   1105 |   3 | 1042.7 |
       Dungeon |   3128 |   2982 |    146 |   1156 |   1105 |   3 | 1042.7 |
               +--------+--------+--------+--------+--------+-----+--------+

Top non-repeatable levels by time:
     D:1: 1557 daAuts
     D:2: 1446 daAuts
     D:3: 124 daAuts
